 Dungeon Crawl Stone Soup version 0.23-a0-536-g5e0f5a2 (webtiles) character file.

87 tilp the Chiller (level 4, 0/30 HPs)
             Began as a Merfolk Ice Elementalist on Dec 6, 2018.
             Slain by an orc
             ... wielding a +0 mace
              (2 damage)
             ... on level 3 of the Dungeon.
             The game lasted 00:10:39 (1811 turns).

tilp the Chiller (Merfolk Ice Elementalist)         Turns: 1811, Time: 00:10:41

Health: 0/30       AC:  4    Str:  8    XL:     4   Next: 51%
Magic:  2/7        EV: 12    Int: 15    God:
Gold:   85         SH:  0    Dex: 14    Spells: 1/7 levels left

rFire    . . .     SeeInvis .   i - +1 dagger (speed)
rCold    . . .     Gourm    .   (no shield)
rNeg     . . .     Faith    .   j - +1 leather armour
rPois    .         Spirit   .   (no helmet)
rElec    .         Reflect  .   (no cloak)
rCorr    .         Harm     .   (no gloves)
MR       .....                  (no boots)
Stlth    ++........             (no amulet)
HPRegen  0.10/turn              (no ring)
MPRegen  0.10/turn              (no ring)

@: very slightly contaminated
A: change form in water, swift swim, stealthy swim
a: no special abilities


You were on level 3 of the Dungeon.
You were not hungry.

You visited 1 branch of the dungeon, and saw 3 of its levels.

You collected 85 gold pieces.

Inventory:

Hand Weapons
 i - a +1 dagger of speed (weapon)
 l - a +0 spear
 m - a +2 dagger of draining
Missiles
 b - 59 stones (quivered)
Armour
 a - a +0 robe
 j - a +1 leather armour (worn)
Scrolls
 e - a scroll of enchant armour
 k - a scroll of noise {unknown}
 o - a scroll of remove curse {unknown}
 p - a scroll of amnesia {unknown}
 q - a scroll of identify {unknown}
 r - a scroll of teleportation {unknown}
Potions
 d - a potion of heal wounds {unknown}
 g - a potion of haste
 s - a potion of brilliance {unknown}
Comestibles
 c - 2 rations
 n - 4 chunks of flesh


   Skills:
 - Level 2.6 Dodging
 - Level 2.1 Stealth
 - Level 2.0 Spellcasting
 - Level 0.7 Conjurations
 + Level 5.7 Ice Magic


You had one spell level left.
You knew the following spells:

 Your Spells              Type           Power        Failure   Level  Hunger
a - Freeze                Ice            ###.         3%          1    #......
b - Throw Frost           Conj/Ice       ##....       13%         2    ###....
c - Ozocubu's Armour      Chrm/Ice       ##......     30%         3    ###....

Your spell library contained the following spells:

 Spells                   Type           Power        Failure   Level  Hunger
 Throw Icicle             Conj/Ice       ##......     65%         4    #####..
 Summon Ice Beast         Ice/Summ       ##......     69%         4    #####..


Dungeon Overview and Level Annotations

Branches:
Dungeon (3/15)

Altars:

Annotations:
D:2 Sigmund


Message History

Casting: Freeze (safe; 3% risk of failure)
Confirm with . or Enter, or press ? or * to list all spells.
Aiming: Freeze (safe; 3% risk of failure)
Press: ? - help, Shift-Dir - straight line, f/p - quokka
Aim: a quokka (blue smoke, almost dead)
You freeze the quokka.
You kill the quokka!
Casting: Freeze (safe; 3% risk of failure)
Confirm with . or Enter, or press ? or * to list all spells.
Aiming: Freeze (safe; 3% risk of failure)
Press: ? - help, Shift-Dir - straight line, f - goblin
Aim: a goblin, wielding a +0 dagger of speed (blue smoke)
You freeze the goblin.
You kill the goblin!
The orc hits you but does no damage.
The orc priest calls down the wrath of Beogh upon you.
Beogh smites you!
* * * LOW HITPOINT WARNING * * *
The orc hits you with a +0 mace.
You die...

.. #...#.#!..... #.
#............ #.
#.)......g...
#.###...#.......$
#.....#..........
#..##.###........
#..##.# #§§......
#...o.###g§......
###...####@o§......
#......S# #oo§..#...
#..<....# ##§§§#.#..#
#......S##.....#....#
#............#......
#####.#.........#.#.#
..##...o........ .#
..$....§...#..###
..............#


You could see an orc priest, 2 orcs and a goblin.

Vanquished Creatures
  Natasha (D:2)
  A worm (D:2)
  3 dart slugs
  4 leopard geckos
  An orc (D:3)
  4 bats
  6 giant cockroaches
  7 goblins
  3 hobgoblins (D:1)
  2 jackals (D:2)
  3 quokkas
  2 frilled lizards (D:1)
  5 kobolds
  3 rats
45 creatures vanquished.

Notes
Turn   | Place    | Note
-------+----------+-------------------------------------------
     0 | D:1      | tilp the Merfolk Ice Elementalist began the quest for the
                  | Orb.
     0 | D:1      | Reached XP level 1. HP: 13/13 MP: 3/3
   297 | D:1      | Reached XP level 2. HP: 17/19 MP: 0/5
   301 | D:1      | Learned a level 2 spell: Throw Frost
   372 | D:1      | Reached skill level 4 in Ice Magic
   715 | D:1      | Reached XP level 3. HP: 20/24 MP: 2/6
   720 | D:1      | Learned a level 3 spell: Ozocubu's Armour
  1455 | D:2      | Reached skill level 5 in Ice Magic
  1599 | D:2      | Noticed Natasha
  1608 | D:2      | Killed Natasha
  1608 | D:2      | Reached XP level 4. HP: 26/30 MP: 0/7
  1685 | D:2      | Noticed Sigmund
  1811 | D:3      | Slain by an orc

Vault maps used:
D:1:      psy_arrival_terrarium
D:2:      minmay_goblin_kobold_house, uniq_sigmund, uniq_natasha, uniq_robin

Skill      XL: |  1  2  3 |
---------------+----------+-----
Ice Magic      | 4 5 |  5.7
Dodging        | |  2.6
Stealth        | |  2.1
Spellcasting   | |  2.0
Conjurations   | |  0.7

Action                   |  1- 3 |  4- 6 || total
-------------------------+-------+-------++-------
Melee: Dagger            |    69 |    16 ||    85
Throw: Stone             |    20 |       ||    20
 Cast: Freeze            |    29 |     8 ||    37
       Throw Frost       |    12 |     1 ||    13
       Ozocubu's Armour  |     1 |     1 ||     2
  Use: Scroll            |       |     4 ||     4
       Potion            |       |     1 ||     1
 Stab: Sleeping          |     2 |       ||     2
  Eat: Chunk             |     4 |     1 ||     5
Armor: Robe              |     3 |       ||     3
       Leather armour    |     9 |     8 ||    17
Dodge: Dodged            |    42 |    10 ||    52

Table legend:
 A = Non-vault XP
 B = Vault XP
 C = Vault XP percentage of total XP
 D = Non-vault monster count
 E = Vault monster count
 F = Vault count percentage of total count
                 A         B        C        D         E       F
            +---------+---------+-------+---------+---------+-------
      Total |      90 |      35 |  28.0 |      44 |       1 |   2.2
            +---------+---------+-------+---------+---------+-------
        D:1 |      52 |       0 |   0.0 |      27 |       0 |   0.0
        D:2 |      31 |      35 |  53.0 |      14 |       1 |   6.7
        D:3 |       7 |       0 |   0.0 |       3 |       0 |   0.0
            +---------+---------+-------+---------+---------+-------
